 Dungeon Crawl Stone Soup version 0.29.0-13-gc9e81de378 (webtiles) character file.

Game seed: 3156916168680690802

83 inqbanana the Grave Robber (level 4, -6/19 HPs)
             Began as a Felid Necromancer on Sept 9, 2022.
             Was an Initiate of Gozag.
             Killed from afar by Ijyb (11 damage)
             ... with a puff of flame
             ... on level 3 of the Dungeon.
             The game lasted 00:07:56 (3396 turns).

inqbanana the Grave Robber (Felid Necromancer)      Turns: 3396, Time: 00:07:57

Health: -6/19      AC:  1    Str:  4    XL:     4   Next: 22%
Magic:  0/9        EV: 18    Int: 18    God:    Gozag
Gold:   335        SH:  0    Dex: 16    Spells: 2/8 levels left
                                        Lives:  0   Deaths: 1

rFire   . . .      SeeInvis +     - Unarmed
rCold   . . .      Faith    .   (shield unavailable)
rNeg    . . .      Spirit   .   (body armour unavailable)
rPois   .          Reflect  .   (helmet unavailable)
rElec   .          Harm     .   (cloak unavailable)
rCorr   .          Rampage  .   (gloves unavailable)
Will    .....                   (boots unavailable)
Stlth   +++.......              (no amulet)
HPRegen 0.06/turn               j - ring of flight
MPRegen 0.11/turn               (no ring)

@: flying, very slightly contaminated, quick
A: very small, claws 1, fangs 3, see invisible, speed 1, shaggy fur 1, stealthy
paws, no weapons or thrown items, no armour, multi-lived
a: Renounce Religion, Potion Petition, Call Merchant, Bribe Branch


You were on level 3 of the Dungeon.
You worshipped Gozag.
Gozag was aware of your devotion.
You visited 1 branch of the dungeon, and saw 3 of its levels.

You collected 335 gold pieces.

Inventory:

Jewellery
 j - a ring of flight (left paw)
Scrolls
 b - a scroll of identify
 f - a scroll of enchant armour
 k - 2 scrolls of teleportation
Potions
 a - a potion of magic
 c - 2 potions of mutation {unknown}
 h - a potion of curing


   Skills:
 + Level 1.5 Fighting
 + Level 3.7 Dodging
 + Level 3.7 Stealth
 * Level 1.1 Unarmed Combat
 + Level 2.7 Spellcasting
 - Level 4.4 Necromancy
 + Level 1.0 Transmutations


You had 2 spell levels left.
You knew the following spells:

 Your Spells              Type           Power      Damage    Failure   Level
a - Necrotise             Necr           72%        1d7       2%          1
b - Vampiric Draining     Necr           18%        2d7       9%          3
c - Wereblood             Tmut           6%         N/A       17%         2

Your spell library contained the following spells:

 Spells                   Type           Power      Damage    Failure   Level
 Sublimation of Blood     Necr           18%        N/A       4%          2
 Agony                    Necr           18%        N/A       58%         5
 Summon Hydra             Summ           1%         N/A       100%        7
 Animate Dead             Necr           Unusable   N/A       N/A         4

Dungeon Overview and Level Annotations

Branches:
Dungeon (3/15)

Altars:
Gozag

Annotations:
D:3 Ijyb


Innate Abilities, Weirdness & Mutations

You have sharp claws.
You have razor-sharp teeth.
You have supernaturally acute eyesight. (SInv)
You cover ground quickly. (Speed+)
You are covered in fur. (AC +1)
Your paws help you pounce on unaware monsters.
You are incapable of wielding weapons or throwing items.
You cannot wear armour.
You gain extra lives every three experience levels.


Message History

You are too injured to fight recklessly!
You are too injured to fight recklessly!
You are too injured to fight recklessly!
You are too injured to fight recklessly!
You are too injured to fight recklessly!
Casting: Vampiric Draining (extremely dangerous; 9% risk of failure)
Confirm with . or Enter, or press ? or * to list all spells.
The spell is extremely dangerous to miscast (9% risk of failure)!
Continue anyway?
Aiming: Vampiric Draining (extremely dangerous; 9% risk of failure)
Press: ? - help, Shift-Dir - straight line, f - Ijyb
Aim: Ijyb, wielding a +0 dagger, wearing a +1 leather armour of positive energy and carrying a wand of flame (19)
You draw life force from Ijyb.
You feel life coursing into your body. Ijyb hits you with a +0 dagger.
* * * LOW HITPOINT WARNING * * *
Casting: Vampiric Draining (extremely dangerous; 9% risk of failure)
Confirm with . or Enter, or press ? or * to list all spells.
The spell is extremely dangerous to miscast (9% risk of failure)!
Continue anyway?
Aiming: Vampiric Draining (extremely dangerous; 9% risk of failure)
Press: ? - help, Shift-Dir - straight line, f/p - Ijyb
Aim: Ijyb, wielding a +0 dagger, wearing a +1 leather armour of positive energy and carrying a wand of flame (19) (moderately wounded)
You miscast Vampiric Draining.
You are very lightly contaminated with residual magic.
Nothing appears to happen.
Ijyb hits you but does no damage.
Casting: Vampiric Draining (extremely dangerous; 9% risk of failure)
Confirm with . or Enter, or press ? or * to list all spells.
The spell is extremely dangerous to miscast (9% risk of failure)!
Continue anyway?
Aiming: Vampiric Draining (extremely dangerous; 9% risk of failure)
Press: ? - help, Shift-Dir - straight line, f/p - Ijyb
Aim: Ijyb, wielding a +0 dagger, wearing a +1 leather armour of positive energy and carrying a wand of flame (19) (moderately wounded)
You draw life force from Ijyb.
You feel life coursing into your body.
Ijyb grins evilly.
Ijyb barely misses you.
Casting: Vampiric Draining (extremely dangerous; 9% risk of failure)
Confirm with . or Enter, or press ? or * to list all spells.
You don't have enough magic to cast this spell.
Ijyb is nearby!
Ijyb zaps a wand.
The puff of flame hits you!
Ouch! That really hurt!
You die...
Your body crumbles into a pile of gold.

#.# #.# #.#
#.# #.# #.#
#g# #.# #@#
########.#
#........#
#####
#.########
....#####.#
###.......#
#########


You could see Ijyb.

Vanquished Creatures
  A hound (D:3)
  2 adders (D:2)
  6 bats
  7 endoplasms
  15 giant cockroaches
  2 goblins
  2 hobgoblins
  6 jackals
  3 quokkas
  6 ball pythons
  4 frilled lizards
  7 kobolds
  7 rats
68 creatures vanquished.

Vanquished Creatures (collateral kills)
  A gnoll (D:1)
1 creature vanquished.

Vanquished Creatures (others)
  2 fungi (D:2)
  10 plants (D:2)
12 creatures vanquished.

Grand Total: 81 creatures vanquished

Notes
Turn   | Place    | Note
-------+----------+-------------------------------------------
     0 | D:1      | inqbanana the Felid Necromancer began the quest for the
                  | Orb.
     0 | D:1      | Reached XP level 1. HP: 7/7 MP: 4/4
   183 | D:1      | Reached XP level 2. HP: 12/12 MP: 1/6
   613 | D:1      | Reached XP level 3. HP: 10/15 MP: 2/7
   771 | D:1      | Reached skill level 1 in Fighting
  1181 | D:2      | Found a faded altar of an unknown god.
  1193 | D:2      | Prayed at the altar of an unknown god.
  1193 | D:2      | Became a worshipper of Gozag Ym Sagoz the Greedy
  2038 | D:2      | Reached XP level 4. HP: 19/19 MP: 8/8
  2336 | D:2      | Learned a level 3 spell: Vampiric Draining
  2339 | D:2      | Learned a level 2 spell: Wereblood
  2612 | D:2      | Slain by a jackal
  2613 | D:2      | Reached XP level 3. HP: 0/15 MP: 7/7
  3263 | D:3      | Reached skill level 1 in Unarmed Combat
  3263 | D:3      | Reached skill level 1 in Transmutations
  3263 | D:3      | Reached XP level 4. HP: 19/19 MP: 1/9
  3386 | D:3      | Noticed Ijyb
  3396 | D:3      | Killed from afar by Ijyb

Illustrated notes

Levels and vault maps discovered:
D:1:      matt_arrival_grand_opening, layout_loops_cross,
          dreamdust_wishing_well, minmay_close_crescents
D:2:      minmay_roachtagon, layout_basic,
          shapermc_ecumenical_altar_mp_ritualfount
D:3:      layout_loops_ring, uniq_ijyb

Skill      XL: |  1  2  3 |
---------------+----------+-----
Stealth        | 3 |  3.7
Dodging        | 3 |  3.7
Fighting       | 1 |  1.5
Unarmed Combat | 1 |  1.1
Transmutations | 1 |  1.0
Spellcasting   | |  2.7
Necromancy     | |  4.4

Action                   |  1- 3 |  4- 6 || total
-------------------------+-------+-------++-------
Melee: Unarmed           |   107 |    80 ||   187
       Bite              |    10 |     5 ||    15
       Punch             |       |     1 ||     1
 Cast: Necrotise         |    38 |     4 ||    42
       Vampiric Draining |     1 |     2 ||     3
  Use: Scroll            |     5 |       ||     5
       Potion            |     1 |     2 ||     3
 Stab: Sleeping          |     7 |     2 ||     9
       Distracted        |     2 |       ||     2
Armor: Skin              |     7 |     5 ||    12
Dodge: Dodged            |    97 |    98 ||   195
